[ AOE2 MATCH · #459093186 ]
Team RMTupi vs Byzantines
[ REPLAY ANALYSIS · EXTRACTED FROM THE RECORDED GAME ]
Feudal
10:56
Castle
16:09
Imperial
—
| APM avg | 21.9 |
| APM peak | 81 |
| eAPM avg | 10.8 |
| Villagers / military | 50 / 2 |
Focus
⚔️ 31.6% · 🌾 68.4%
Unknown (2579) ×44 · Monk ×2
Feudal
12:09
Castle
19:10
Imperial
30:30
| APM avg | 29.6 |
| APM peak | 76 |
| eAPM avg | 14.2 |
| Villagers / military | 90 / 55 |
Focus
⚔️ 28.4% · 🌾 71.6%
Archer ×21 · Skirmisher ×18 · Fishing Ship ×14 · Mangonel ×5 · Scout Cavalry ×4 · Battering Ram ×3
Feudal
11:01
Castle
15:56
Imperial
40:24
| APM avg | 29.4 |
| APM peak | 66 |
| eAPM avg | 13.4 |
| Villagers / military | 53 / 56 |
Focus
⚔️ 26.9% · 🌾 73.1%
Kona ×28 · Skirmisher ×18 · Mangonel ×4 · Monk ×3 · Trebuchet (Packed) ×2 · Transport Ship ×1
Feudal
11:05
Castle
20:34
Imperial
—
| APM avg | 24.8 |
| APM peak | 62 |
| eAPM avg | 15.8 |
| Villagers / military | 91 / 118 |
Focus
⚔️ 23.4% · 🌾 76.6%
Genoese Crossbowman ×36 · Skirmisher ×32 · Knight ×26 · Fishing Ship ×9 · Scout Cavalry ×8 · Mangonel ×5
Feudal
11:43
Castle
16:48
Imperial
37:58
| APM avg | 25.7 |
| APM peak | 63 |
| eAPM avg | 10.1 |
| Villagers / military | 50 / 61 |
Focus
⚔️ 28.6% · 🌾 71.4%
Organ Gun ×45 · Spearman ×11 · Trebuchet (Packed) ×4 · Fishing Ship ×2 · Transport Ship ×1
Feudal
13:09
Castle
20:58
Imperial
—
| APM avg | 16.2 |
| APM peak | 33 |
| eAPM avg | 11.4 |
| Villagers / military | 83 / 59 |
Focus
⚔️ 27.0% · 🌾 73.0%
Archer ×27 · Spearman ×15 · Militia ×7 · Skirmisher ×5 · Fire Galley ×3 · Fishing Ship ×2
Match map
Initial resources + every placement click. Lines = walls · curves = elevation contours. ◆ gold · ⬟ stone · ● berries · ✦ relic · ◌ wall gap
Your base· ✓ Map-separated
MoncusJBAJ's base· ✓ Map-separated
Mittsui's base· ✓ Map-separated
NeXt's base· ✓ Map-separated
UmaDelicia's base· ✓ Map-separated
NinjaNurse's base· ✓ Map-separated
Smoothed initial terrain · ◌ = detected wall gap · hover for details
Inputs per minute
— Hardiel - - MoncusJBAJ
Build order — Hardiel
150 actions detected in the replay
| 0:01 | Create | Villager (Male) |
| 0:02 | Create | Villager (Male) |
| 0:02 | Create | Villager (Male) |
| 0:02 | Create | Villager (Male) |
| 0:03 | Create | Villager (Male) |
| 0:06 | Build | House |
| 0:08 | Build | House |
| 1:34 | Create | Villager (Male) |
| 1:34 | Create | Villager (Male) |
| 1:51 | Build | Settlement |
| 2:09 | Create | Villager (Male) |
| 2:55 | Create | Villager (Male) |
| 2:55 | Create | Villager (Male) |
| 3:29 | Create | Villager (Male) |
| 4:13 | Build | Settlement |
| 4:16 | Create | Villager (Male) |
| 4:17 | Create | Villager (Male) |
| 4:36 | Create | Villager (Male) |
| 5:08 | Create | Villager (Male) |
| 5:24 | Create | Villager (Male) |
| 5:24 | Create | Villager (Male) |
| 6:15 | Create | Villager (Male) |
| 6:16 | Create | Villager (Male) |
| 6:32 | Create | Villager (Male) |
| 6:46 | Build | House |
| 7:50 | Create | Villager (Male) |
| 8:05 | Build | Settlement |
| 8:11 | Research | Loom |
| 8:36 | Research | Feudal Age |
| 10:06 | Create | Villager (Male) |
| 10:07 | Create | Villager (Male) |
| 10:56 | Age | Feudal Age |
| 11:01 | Build | Market |
| 11:07 | Build | Blacksmith |
| 12:00 | Build | Farm |
| 12:01 | Build | Farm |
| 12:07 | Create | Villager (Male) |
| 12:07 | Create | Villager (Male) |
| 12:31 | Research | Double-Bit Axe |
| 13:29 | Research | Castle Age |
| 13:54 | Create | Villager (Male) |
| 13:55 | Create | Villager (Male) |
| 14:05 | Build | Farm |
| 14:07 | Build | Farm |
| 14:17 | Build | Farm |
| 15:38 | Build | Settlement |
| 15:45 | Build | Farm |
| 16:09 | Age | Castle Age |
| 16:09 | Research | Double-Bit Axe |
| 16:42 | Create | Villager (Male) |
| 16:42 | Create | Villager (Male) |
| 16:43 | Create | Villager (Male) |
| 17:01 | Build | Monastery |
| 17:21 | Research | Bow Saw |
| 17:27 | Research | Gold Mining |
| 17:40 | Create | Villager (Male) |
| 17:46 | Create | Monk |
| 18:01 | Build | Farm |
| 18:05 | Create | Villager (Male) |
| 18:24 | Build | Dock |
| 18:30 | Build | Farm |
| 18:49 | Build | Farm |
| 18:50 | Create | Villager (Male) |
| 19:24 | Create | Villager (Male) |
| 19:28 | Build | Farm |
| 22:01 | Build | Castle |
| 23:38 | Create | Villager (Male) |
| 23:39 | Create | Villager (Male) |
| 23:39 | Create | Villager (Male) |
| 23:40 | Create | Villager (Male) |
| 23:40 | Create | Villager (Male) |
| 23:44 | Create | Unit 2579 |
| 23:45 | Create | Unit 2579 |
| 23:45 | Create | Unit 2579 |
| 23:45 | Create | Unit 2579 |
| 23:46 | Create | Unit 2579 |
| 23:46 | Create | Unit 2579 |
| 23:46 | Create | Unit 2579 |
| 23:46 | Create | Unit 2579 |
| 23:47 | Create | Unit 2579 |
| 23:47 | Create | Unit 2579 |
| 23:48 | Create | Unit 2579 |
| 23:49 | Create | Unit 2579 |
| 23:49 | Create | Unit 2579 |
| 24:10 | Build | Farm |
| 24:19 | Create | Monk |
| 24:34 | Build | Farm |
| 24:49 | Build | Farm |
| 26:24 | Build | Barracks |
| 28:43 | Research | Fletching |
| 28:46 | Research | Padded Archer Armor |
| 28:59 | Create | Unit 2579 |
| 29:00 | Create | Unit 2579 |
| 29:00 | Create | Unit 2579 |
| 29:00 | Create | Unit 2579 |
| 29:16 | Research | Bodkin Arrow |
| 29:29 | Create | Villager (Male) |
| 30:44 | Create | Unit 2579 |
| 32:15 | Build | Farm |
| 32:41 | Build | University |
| 32:45 | Create | Villager (Male) |
| 32:45 | Create | Villager (Male) |
| 32:45 | Create | Villager (Male) |
| 32:46 | Create | Villager (Male) |
| 32:51 | Create | Unit 2579 |
| 32:51 | Create | Unit 2579 |
| 32:52 | Create | Unit 2579 |
| 33:00 | Build | House |
| 33:01 | Build | House |
| 33:42 | Build | Farm |
| 33:49 | Build | Farm |
| 34:43 | Create | Unit 2579 |
| 34:43 | Create | Unit 2579 |
| 34:43 | Create | Unit 2579 |
| 34:44 | Create | Unit 2579 |
| 34:44 | Create | Unit 2579 |
| 34:44 | Create | Unit 2579 |
| 34:45 | Create | Unit 2579 |
| 34:45 | Create | Unit 2579 |
| 34:45 | Create | Unit 2579 |
| 34:46 | Create | Unit 2579 |
| 34:46 | Create | Unit 2579 |
| 34:46 | Create | Unit 2579 |
| 34:46 | Create | Unit 2579 |
| 36:04 | Build | Farm |
| 36:05 | Build | Farm |
| 36:09 | Build | Farm |
| 36:35 | Research | Leather Archer Armor |
| 36:42 | Create | Unit 2579 |
| 36:42 | Create | Unit 2579 |
| 36:43 | Create | Unit 2579 |
| 36:43 | Create | Unit 2579 |
| 36:43 | Create | Unit 2579 |
| 36:44 | Create | Unit 2579 |
| 36:45 | Create | Unit 2579 |
| 36:45 | Create | Unit 2579 |
| 36:46 | Create | Unit 2579 |
| 36:46 | Create | Unit 2579 |
| 37:34 | Build | Farm |
| 37:34 | Build | Farm |
| 37:54 | Research | Murder Holes |
| 37:59 | Research | Ballistics |
| 39:29 | Build | Town Center |
| 41:22 | Create | Villager (Male) |
| 41:23 | Create | Villager (Male) |
| 41:23 | Create | Villager (Male) |
| 41:23 | Create | Villager (Male) |
| 41:24 | Create | Villager (Male) |
| 41:24 | Create | Villager (Male) |
| 41:32 | Build | Settlement |
Build order — MoncusJBAJ
First 150 of 268 actions detected
| 0:01 | Create | Villager (Male) |
| 0:02 | Create | Villager (Male) |
| 0:02 | Create | Villager (Male) |
| 0:02 | Create | Villager (Male) |
| 0:05 | Build | House |
| 0:07 | Build | House |
| 1:34 | Create | Villager (Male) |
| 1:34 | Create | Villager (Male) |
| 2:09 | Create | Villager (Male) |
| 2:09 | Create | Villager (Male) |
| 2:18 | Build | Lumber Camp |
| 2:22 | Create | Villager (Male) |
| 2:23 | Create | Villager (Male) |
| 2:58 | Create | Villager (Male) |
| 2:59 | Create | Villager (Male) |
| 4:11 | Create | Villager (Male) |
| 4:11 | Create | Villager (Male) |
| 4:11 | Create | Villager (Male) |
| 5:02 | Create | Villager (Male) |
| 5:03 | Create | Villager (Male) |
| 5:03 | Create | Villager (Male) |
| 5:53 | Create | Villager (Male) |
| 5:53 | Create | Villager (Male) |
| 5:54 | Create | Villager (Male) |
| 5:54 | Create | Villager (Male) |
| 6:23 | Build | House |
| 7:23 | Create | Villager (Male) |
| 7:23 | Create | Villager (Male) |
| 7:23 | Create | Villager (Male) |
| 8:00 | Build | House |
| 8:14 | Build | Dock |
| 9:07 | Build | Mill |
| 9:10 | Create | Villager (Male) |
| 9:14 | Research | Feudal Age |
| 9:35 | Create | Fishing Ship |
| 9:42 | Build | House |
| 10:00 | Build | Mining Camp |
| 11:14 | Create | Villager (Male) |
| 11:14 | Create | Villager (Male) |
| 11:27 | Create | Fishing Ship |
| 12:09 | Age | Feudal Age |
| 12:13 | Create | Fishing Ship |
| 13:06 | Create | Villager (Male) |
| 13:06 | Create | Villager (Male) |
| 13:06 | Create | Villager (Male) |
| 13:19 | Create | Fishing Ship |
| 13:40 | Build | House |
| 13:46 | Build | Barracks |
| 13:53 | Build | Farm |
| 13:53 | Build | Farm |
| 13:54 | Build | Farm |
| 14:02 | Create | Fishing Ship |
| 14:16 | Create | Villager (Male) |
| 14:17 | Create | Villager (Male) |
| 14:32 | Build | House |
| 14:52 | Build | Archery Range |
| 15:00 | Create | Fishing Ship |
| 15:15 | Build | Dock |
| 15:21 | Build | Farm |
| 15:26 | Create | Villager (Male) |
| 15:46 | Build | Blacksmith |
| 15:55 | Build | House |
| 15:57 | Create | Villager (Male) |
| 16:13 | Create | Fishing Ship |
| 16:17 | Create | Fishing Ship |
| 16:24 | Build | House |
| 16:30 | Research | Castle Age |
| 17:06 | Create | Fishing Ship |
| 17:10 | Create | Fishing Ship |
| 17:23 | Research | Fletching |
| 17:31 | Research | Scale Barding Armor |
| 17:42 | Build | Stable |
| 18:01 | Create | Villager (Male) |
| 18:01 | Create | Villager (Male) |
| 18:02 | Create | Villager (Male) |
| 18:06 | Research | Double-Bit Axe |
| 18:13 | Research | Tech 906 |
| 18:48 | Create | Archer |
| 18:49 | Create | Archer |
| 18:49 | Create | Archer |
| 18:56 | Create | Scout Cavalry |
| 18:56 | Create | Scout Cavalry |
| 19:04 | Build | House |
| 19:10 | Age | Castle Age |
| 19:27 | Build | Lumber Camp |
| 19:38 | Create | Villager (Male) |
| 19:38 | Create | Villager (Male) |
| 19:38 | Create | Villager (Male) |
| 20:06 | Build | House |
| 20:25 | Create | Villager (Male) |
| 20:25 | Create | Villager (Male) |
| 20:32 | Research | Crossbowman (upgrade) |
| 20:39 | Research | Light Cavalry (upgrade) |
| 20:43 | Build | House |
| 20:49 | Build | Town Center |
| 20:58 | Build | Farm |
| 21:02 | Create | Villager (Male) |
| 21:02 | Create | Villager (Male) |
| 21:14 | Build | Monastery |
| 21:32 | Build | House |
| 21:48 | Create | Transport Ship |
| 22:03 | Create | Monk |
| 22:16 | Create | Villager (Male) |
| 22:17 | Create | Villager (Male) |
| 22:19 | Create | Villager (Male) |
| 22:20 | Create | Villager (Male) |
| 22:20 | Create | Villager (Male) |
| 22:20 | Create | Villager (Male) |
| 22:36 | Build | House |
| 22:41 | Build | Lumber Camp |
| 22:41 | Build | Lumber Camp |
| 22:52 | Build | Farm |
| 23:00 | Create | Villager (Male) |
| 23:00 | Create | Villager (Male) |
| 23:00 | Create | Villager (Male) |
| 23:12 | Build | Farm |
| 23:14 | Build | Farm |
| 23:19 | Create | Villager (Male) |
| 23:19 | Create | Villager (Male) |
| 23:19 | Create | Villager (Male) |
| 23:20 | Create | Villager (Male) |
| 23:20 | Create | Villager (Male) |
| 24:04 | Create | Archer |
| 24:04 | Create | Archer |
| 24:04 | Create | Archer |
| 24:04 | Create | Archer |
| 24:05 | Research | Thumb Ring |
| 24:20 | Build | Stable |
| 24:25 | Build | Archery Range |
| 24:52 | Create | Scout Cavalry |
| 24:53 | Create | Scout Cavalry |
| 24:56 | Create | Camel Scout |
| 24:56 | Create | Camel Scout |
| 25:07 | Build | Town Center |
| 25:18 | Create | Villager (Male) |
| 25:18 | Create | Villager (Male) |
| 25:19 | Create | Villager (Male) |
| 25:19 | Create | Villager (Male) |
| 25:59 | Build | Siege Workshop |
| 26:02 | Create | Archer |
| 26:02 | Create | Archer |
| 26:02 | Create | Archer |
| 26:03 | Create | Archer |
| 26:08 | Build | House |
| 26:15 | Build | House |
| 26:16 | Build | House |
| 26:17 | Build | House |
| 26:41 | Build | Siege Workshop |
| 27:20 | Research | Imperial Age |
| 27:28 | Create | Villager (Male) |
Build order — Mittsui
First 150 of 161 actions detected
| 0:01 | Create | Villager (Male) |
| 0:01 | Create | Villager (Male) |
| 0:03 | Build | House |
| 0:04 | Build | House |
| 0:21 | Create | Villager (Male) |
| 0:22 | Create | Villager (Male) |
| 1:28 | Create | Villager (Male) |
| 2:03 | Create | Villager (Male) |
| 2:12 | Build | Settlement |
| 2:22 | Create | Villager (Male) |
| 2:45 | Create | Villager (Male) |
| 3:14 | Create | Villager (Male) |
| 3:44 | Create | Villager (Male) |
| 3:47 | Research | Loom |
| 4:31 | Create | Villager (Male) |
| 4:32 | Create | Villager (Male) |
| 4:32 | Create | Villager (Male) |
| 5:07 | Build | Settlement |
| 5:13 | Create | Villager (Male) |
| 5:13 | Create | Villager (Male) |
| 5:14 | Create | Villager (Male) |
| 6:13 | Create | Villager (Male) |
| 6:47 | Create | Villager (Male) |
| 6:47 | Create | Villager (Male) |
| 7:52 | Create | Villager (Male) |
| 7:57 | Build | Settlement |
| 8:00 | Create | Villager (Male) |
| 8:28 | Build | Farm |
| 8:51 | Research | Feudal Age |
| 9:31 | Create | Villager (Male) |
| 9:31 | Create | Villager (Male) |
| 11:01 | Age | Feudal Age |
| 11:13 | Build | Blacksmith |
| 11:17 | Build | Market |
| 12:23 | Create | Villager (Male) |
| 13:16 | Research | Castle Age |
| 14:14 | Create | Villager (Male) |
| 14:31 | Build | Dock |
| 15:06 | Build | House |
| 15:13 | Build | House |
| 15:15 | Build | House |
| 15:25 | Build | Farm |
| 15:27 | Build | Farm |
| 15:56 | Age | Castle Age |
| 16:08 | Create | Villager (Male) |
| 16:22 | Create | Transport Ship |
| 16:35 | Create | Villager (Male) |
| 16:41 | Build | Farm |
| 16:58 | Create | Villager (Male) |
| 17:27 | Create | Villager (Male) |
| 17:32 | Build | Farm |
| 17:34 | Build | Farm |
| 17:37 | Build | Farm |
| 18:15 | Create | Villager (Male) |
| 18:15 | Create | Villager (Male) |
| 18:42 | Build | Castle |
| 18:58 | Build | Palisade Wall |
| 19:06 | Build | Palisade Gate |
| 19:12 | Build | House |
| 19:18 | Build | House |
| 19:32 | Create | Villager (Male) |
| 19:33 | Create | Villager (Male) |
| 19:41 | Build | Farm |
| 19:42 | Build | Farm |
| 20:21 | Create | Villager (Male) |
| 20:21 | Create | Villager (Male) |
| 20:26 | Build | Farm |
| 20:27 | Build | Farm |
| 20:29 | Build | Farm |
| 20:31 | Create | Kona |
| 20:32 | Create | Kona |
| 20:52 | Create | Kona |
| 21:25 | Build | Settlement |
| 21:38 | Create | Kona |
| 21:39 | Create | Kona |
| 22:04 | Create | Kona |
| 22:04 | Create | Kona |
| 22:14 | Create | Skirmisher |
| 22:48 | Create | Skirmisher |
| 22:48 | Create | Skirmisher |
| 22:57 | Create | Villager (Male) |
| 22:58 | Create | Villager (Male) |
| 22:58 | Create | Villager (Male) |
| 23:36 | Research | Fletching |
| 23:41 | Create | Kona |
| 23:41 | Create | Kona |
| 23:48 | Create | Skirmisher |
| 23:49 | Create | Skirmisher |
| 24:06 | Create | Skirmisher |
| 24:07 | Create | Skirmisher |
| 24:19 | Create | Villager (Male) |
| 24:19 | Create | Villager (Male) |
| 24:31 | Build | Farm |
| 24:32 | Build | Farm |
| 24:32 | Build | Farm |
| 24:32 | Build | Farm |
| 24:32 | Build | Farm |
| 24:53 | Build | Monastery |
| 24:59 | Build | Siege Workshop |
| 25:17 | Research | Elite Skirmisher (upgrade) |
| 25:44 | Create | Monk |
| 25:45 | Create | Monk |
| 26:22 | Research | Malon |
| 26:23 | Create | Kona |
| 26:23 | Create | Kona |
| 26:53 | Create | Villager (Male) |
| 26:54 | Create | Villager (Male) |
| 26:54 | Create | Villager (Male) |
| 26:57 | Create | Kona |
| 26:57 | Create | Kona |
| 27:35 | Create | Kona |
| 27:35 | Create | Kona |
| 28:44 | Create | Kona |
| 28:45 | Create | Kona |
| 29:10 | Create | Kona |
| 29:10 | Create | Kona |
| 29:47 | Create | Mangonel |
| 30:23 | Create | Skirmisher |
| 30:23 | Create | Skirmisher |
| 31:02 | Create | Monk |
| 31:04 | Create | Mangonel |
| 31:20 | Create | Skirmisher |
| 31:21 | Create | Skirmisher |
| 31:47 | Create | Mangonel |
| 32:03 | Create | Kona |
| 32:04 | Create | Kona |
| 32:23 | Create | Skirmisher |
| 32:23 | Create | Skirmisher |
| 32:23 | Create | Skirmisher |
| 33:02 | Create | Mangonel |
| 33:11 | Create | Kona |
| 33:11 | Create | Kona |
| 33:19 | Create | Villager (Male) |
| 33:20 | Create | Villager (Male) |
| 33:20 | Create | Villager (Male) |
| 33:20 | Create | Villager (Male) |
| 34:55 | Build | House |
| 34:57 | Build | House |
| 35:09 | Create | Villager (Male) |
| 35:09 | Create | Villager (Male) |
| 35:09 | Create | Villager (Male) |
| 35:10 | Create | Villager (Male) |
| 35:10 | Create | Villager (Male) |
| 36:05 | Create | Kona |
| 37:02 | Research | Imperial Age |
| 37:47 | Create | Kona |
| 37:47 | Create | Kona |
| 38:08 | Build | Castle |
| 38:17 | Create | Villager (Male) |
| 38:27 | Create | Skirmisher |
Build order — NeXt
First 150 of 281 actions detected
| 0:02 | Build | House |
| 0:03 | Build | House |
| 0:04 | Create | Villager (Male) |
| 0:04 | Create | Villager (Male) |
| 0:04 | Create | Villager (Male) |
| 0:18 | Create | Villager (Male) |
| 1:30 | Create | Villager (Male) |
| 2:18 | Create | Villager (Male) |
| 2:24 | Build | Lumber Camp |
| 2:44 | Create | Villager (Male) |
| 2:59 | Create | Villager (Male) |
| 3:32 | Create | Villager (Male) |
| 3:32 | Create | Villager (Male) |
| 4:41 | Create | Villager (Male) |
| 4:57 | Create | Villager (Male) |
| 5:11 | Build | House |
| 5:15 | Build | House |
| 5:20 | Research | Loom |
| 5:20 | Create | Villager (Male) |
| 5:21 | Create | Villager (Male) |
| 5:36 | Build | Dock |
| 6:07 | Create | Villager (Male) |
| 6:21 | Create | Villager (Male) |
| 6:29 | Build | Mill |
| 6:31 | Create | Fishing Ship |
| 6:48 | Create | Fishing Ship |
| 6:50 | Create | Villager (Male) |
| 6:51 | Create | Villager (Male) |
| 6:51 | Create | Villager (Male) |
| 6:58 | Create | Villager (Male) |
| 6:58 | Create | Villager (Male) |
| 8:02 | Create | Villager (Male) |
| 8:02 | Create | Villager (Male) |
| 8:10 | Create | Fishing Ship |
| 8:11 | Create | Fishing Ship |
| 8:30 | Build | House |
| 8:55 | Research | Feudal Age |
| 8:56 | Research | Loom |
| 9:04 | Build | House |
| 9:32 | Create | Villager (Male) |
| 9:33 | Create | Villager (Male) |
| 9:33 | Create | Villager (Male) |
| 9:33 | Create | Villager (Male) |
| 9:41 | Create | Transport Ship |
| 9:46 | Create | Transport Ship |
| 9:46 | Create | Fishing Ship ×2 |
| 10:40 | Create | Fishing Ship |
| 11:01 | Build | Barracks |
| 11:05 | Age | Feudal Age |
| 11:24 | Create | Villager (Male) |
| 11:24 | Create | Villager (Male) |
| 11:24 | Create | Villager (Male) |
| 11:37 | Research | Double-Bit Axe |
| 11:44 | Build | Farm |
| 11:49 | Research | Horse Collar |
| 12:08 | Build | Farm |
| 12:09 | Create | Villager (Male) |
| 12:09 | Create | Villager (Male) |
| 12:09 | Create | Villager (Male) |
| 12:27 | Create | Villager (Male) |
| 12:27 | Create | Villager (Male) |
| 12:37 | Build | Blacksmith |
| 12:48 | Build | House |
| 12:58 | Create | Fishing Ship |
| 13:54 | Build | Stable |
| 14:00 | Research | Forging |
| 14:03 | Research | Scale Barding Armor |
| 14:05 | Create | Villager (Male) |
| 14:05 | Create | Villager (Male) |
| 14:06 | Create | Villager (Male) |
| 14:19 | Build | Mining Camp |
| 14:33 | Research | Tech 906 |
| 14:34 | Create | Fishing Ship |
| 14:38 | Create | Scout Cavalry ×5 |
| 14:42 | Build | House |
| 15:02 | Create | Scout Cavalry ×2 |
| 15:14 | Build | Dock |
| 15:20 | Create | Scout Cavalry |
| 15:34 | Build | Lumber Camp |
| 15:40 | Build | Farm |
| 15:40 | Build | Farm |
| 15:41 | Build | Farm |
| 15:41 | Build | Farm |
| 15:41 | Build | Farm |
| 15:41 | Build | Farm |
| 15:42 | Build | Farm |
| 15:47 | Build | Farm |
| 16:03 | Build | Farm |
| 16:08 | Create | Villager (Male) |
| 16:08 | Create | Villager (Male) |
| 16:10 | Build | House |
| 16:18 | Build | Farm |
| 16:21 | Create | Villager (Male) |
| 16:33 | Research | Bloodlines |
| 16:37 | Create | Villager (Male) |
| 16:43 | Build | Farm |
| 16:51 | Create | Fire Galley |
| 17:03 | Build | Farm |
| 17:28 | Build | House |
| 17:41 | Build | Market |
| 17:54 | Research | Castle Age |
| 18:18 | Create | Villager (Male) |
| 18:18 | Create | Villager (Male) |
| 18:31 | Research | Gold Mining |
| 18:32 | Research | Stone Mining |
| 18:35 | Create | Villager (Male) |
| 18:35 | Create | Villager (Male) |
| 18:35 | Create | Villager (Male) |
| 18:36 | Create | Villager (Male) |
| 18:40 | Build | Mining Camp |
| 20:14 | Create | Villager (Male) |
| 20:15 | Create | Villager (Male) |
| 20:15 | Create | Villager (Male) |
| 20:15 | Create | Villager (Male) |
| 20:34 | Age | Castle Age |
| 21:31 | Create | Knight ×5 |
| 21:33 | Create | Villager (Male) |
| 21:33 | Create | Villager (Male) |
| 21:34 | Create | Villager (Male) |
| 22:10 | Build | Stable |
| 22:14 | Build | Siege Workshop |
| 22:17 | Create | Demolition Raft |
| 22:19 | Research | Gillnets |
| 22:20 | Create | Fire Galley |
| 22:28 | Build | Lumber Camp |
| 22:30 | Build | House |
| 22:31 | Build | House |
| 22:31 | Build | House |
| 22:32 | Build | House |
| 22:34 | Create | Villager (Male) |
| 22:34 | Create | Villager (Male) |
| 22:35 | Create | Villager (Male) |
| 22:35 | Create | Villager (Male) |
| 22:48 | Research | Husbandry |
| 23:00 | Research | Stone Shaft Mining |
| 23:19 | Create | Mangonel |
| 23:33 | Build | Barracks |
| 24:13 | Research | Bow Saw |
| 24:15 | Build | House |
| 24:16 | Build | House |
| 24:40 | Create | Mangonel |
| 24:58 | Build | Monastery |
| 25:14 | Research | Chain Barding Armor |
| 26:01 | Create | Monk |
| 26:09 | Build | Archery Range |
| 26:24 | Build | Town Center |
| 26:48 | Build | Castle |
| 27:13 | Build | Town Center |
| 27:26 | Research | Elite Skirmisher (upgrade) |
| 27:26 | Create | Skirmisher ×5 |
Build order — UmaDelicia
First 150 of 154 actions detected
| 0:02 | Create | Villager (Male) |
| 0:03 | Create | Villager (Male) |
| 0:03 | Create | Villager (Male) |
| 0:05 | Build | House |
| 0:07 | Build | House |
| 0:51 | Create | Villager (Male) |
| 1:49 | Build | Lumber Camp |
| 1:53 | Create | Villager (Male) |
| 2:07 | Create | Villager (Male) |
| 2:08 | Create | Villager (Male) |
| 2:31 | Create | Villager (Male) |
| 3:32 | Create | Villager (Male) |
| 3:32 | Create | Villager (Male) |
| 4:20 | Create | Villager (Male) |
| 4:53 | Create | Villager (Male) |
| 5:01 | Build | House |
| 5:03 | Build | House |
| 5:16 | Create | Villager (Male) |
| 6:13 | Create | Villager (Male) |
| 6:13 | Create | Villager (Male) |
| 6:14 | Create | Villager (Male) |
| 6:35 | Create | Villager (Male) |
| 6:36 | Create | Villager (Male) |
| 6:53 | Create | Villager (Male) |
| 6:54 | Create | Villager (Male) |
| 7:17 | Create | Villager (Male) |
| 7:17 | Create | Villager (Male) |
| 9:01 | Build | Mill |
| 9:23 | Research | Feudal Age |
| 9:31 | Build | Mining Camp |
| 10:31 | Create | Villager (Male) |
| 10:31 | Create | Villager (Male) |
| 11:43 | Age | Feudal Age |
| 12:13 | Build | Market |
| 12:18 | Build | Blacksmith |
| 12:25 | Build | Mining Camp |
| 12:26 | Create | Villager (Male) |
| 12:27 | Create | Villager (Male) |
| 13:21 | Create | Villager (Male) |
| 13:21 | Create | Villager (Male) |
| 13:29 | Build | House |
| 13:38 | Build | House |
| 14:07 | Research | Castle Age |
| 15:24 | Build | Dock |
| 15:57 | Create | Villager (Male) |
| 15:58 | Create | Villager (Male) |
| 16:27 | Research | Double-Bit Axe |
| 16:42 | Research | Gold Mining |
| 16:45 | Research | Stone Mining |
| 16:48 | Age | Castle Age |
| 17:18 | Build | Farm |
| 17:22 | Build | Farm |
| 17:25 | Build | Farm |
| 17:29 | Build | Farm |
| 17:31 | Create | Villager (Male) |
| 17:31 | Create | Villager (Male) |
| 17:43 | Create | Fishing Ship |
| 17:44 | Create | Fishing Ship |
| 18:17 | Create | Villager (Male) |
| 18:17 | Create | Villager (Male) |
| 18:38 | Build | Lumber Camp |
| 18:56 | Create | Transport Ship |
| 19:04 | Create | Villager (Male) |
| 19:04 | Create | Villager (Male) |
| 19:32 | Build | Lumber Camp |
| 21:04 | Create | Villager (Male) |
| 21:05 | Create | Villager (Male) |
| 21:44 | Build | Castle |
| 22:19 | Build | Farm |
| 22:21 | Build | Farm |
| 22:24 | Build | Farm |
| 22:27 | Build | Farm |
| 22:31 | Create | Villager (Male) |
| 22:32 | Create | Villager (Male) |
| 22:32 | Create | Villager (Male) |
| 22:32 | Create | Villager (Male) |
| 22:52 | Build | Barracks |
| 23:12 | Build | Lumber Camp |
| 23:19 | Create | Organ Gun |
| 23:19 | Create | Organ Gun |
| 23:19 | Create | Organ Gun |
| 23:20 | Create | Organ Gun |
| 23:20 | Create | Organ Gun |
| 23:20 | Create | Organ Gun |
| 23:21 | Create | Organ Gun |
| 23:21 | Create | Organ Gun |
| 23:50 | Create | Spearman |
| 23:50 | Create | Spearman |
| 23:50 | Create | Spearman |
| 23:56 | Research | Pikeman (upgrade) |
| 24:03 | Create | Villager (Male) |
| 24:04 | Create | Villager (Male) |
| 24:13 | Build | Town Center |
| 24:26 | Create | Spearman |
| 24:30 | Create | Organ Gun |
| 24:30 | Create | Organ Gun |
| 24:31 | Create | Organ Gun |
| 24:45 | Create | Villager (Male) |
| 24:45 | Create | Villager (Male) |
| 24:46 | Create | Villager (Male) |
| 25:45 | Build | Siege Workshop |
| 26:03 | Create | Spearman |
| 26:03 | Create | Spearman |
| 26:03 | Create | Spearman |
| 26:03 | Create | Spearman |
| 26:04 | Create | Spearman |
| 26:47 | Create | Organ Gun |
| 26:47 | Create | Organ Gun |
| 26:48 | Create | Organ Gun |
| 26:48 | Create | Organ Gun |
| 27:11 | Create | Villager (Male) |
| 27:12 | Create | Villager (Male) |
| 27:12 | Create | Villager (Male) |
| 27:25 | Create | Organ Gun |
| 27:26 | Create | Organ Gun |
| 27:26 | Create | Organ Gun |
| 27:34 | Create | Spearman |
| 27:36 | Create | Spearman |
| 28:08 | Create | Organ Gun |
| 28:08 | Create | Organ Gun |
| 28:51 | Build | Town Center |
| 29:02 | Create | Organ Gun |
| 30:03 | Build | Castle |
| 30:10 | Create | Organ Gun |
| 30:10 | Create | Organ Gun |
| 30:10 | Create | Organ Gun |
| 30:10 | Create | Organ Gun |
| 30:11 | Create | Organ Gun |
| 31:55 | Build | Mining Camp |
| 32:22 | Create | Organ Gun |
| 32:22 | Create | Organ Gun |
| 32:23 | Create | Organ Gun |
| 32:23 | Create | Organ Gun |
| 33:15 | Create | Organ Gun |
| 33:15 | Create | Organ Gun |
| 33:15 | Create | Organ Gun |
| 33:19 | Create | Organ Gun |
| 33:20 | Create | Organ Gun |
| 33:20 | Create | Organ Gun |
| 34:48 | Research | Imperial Age |
| 35:33 | Create | Organ Gun |
| 35:33 | Create | Organ Gun |
| 35:34 | Create | Organ Gun |
| 37:58 | Age | Imperial Age |
| 38:02 | Create | Trebuchet (Packed) |
| 38:06 | Create | Trebuchet (Packed) |
| 39:19 | Create | Organ Gun |
| 39:20 | Create | Organ Gun |
| 39:20 | Create | Organ Gun |
| 39:20 | Create | Organ Gun |
Build order — NinjaNurse
First 150 of 205 actions detected
| 0:05 | Build | House |
| 0:08 | Build | House |
| 0:13 | Create | Villager (Male) ×5 |
| 1:45 | Create | Villager (Male) |
| 1:51 | Build | Lumber Camp |
| 2:11 | Create | Villager (Male) |
| 2:30 | Create | Villager (Male) |
| 2:54 | Create | Villager (Male) |
| 3:32 | Build | House |
| 3:35 | Build | Mill |
| 3:38 | Create | Villager (Male) |
| 4:35 | Create | Villager (Male) |
| 4:36 | Create | Villager (Male) |
| 4:36 | Create | Villager (Male) |
| 5:26 | Create | Villager (Male) |
| 5:26 | Create | Villager (Male) |
| 5:26 | Create | Villager (Male) |
| 5:27 | Create | Villager (Male) |
| 6:05 | Build | Lumber Camp |
| 6:26 | Create | Villager (Male) |
| 6:26 | Create | Villager (Male) |
| 6:27 | Create | Villager (Male) |
| 6:45 | Build | House |
| 7:27 | Create | Villager (Male) |
| 7:50 | Create | Villager (Male) |
| 8:11 | Create | Villager (Male) |
| 8:11 | Create | Villager (Male) |
| 8:27 | Build | House |
| 8:50 | Create | Villager (Male) |
| 8:59 | Build | Mining Camp |
| 9:15 | Create | Villager (Male) |
| 9:17 | Research | Loom |
| 9:35 | Build | Farm |
| 9:35 | Build | Farm |
| 9:36 | Build | Farm |
| 9:36 | Build | Farm |
| 9:58 | Build | Farm |
| 10:00 | Build | Farm |
| 10:02 | Build | Farm |
| 10:07 | Build | Farm |
| 10:12 | Build | Mining Camp |
| 10:16 | Create | Villager (Male) |
| 10:16 | Create | Villager (Male) |
| 10:48 | Build | House |
| 11:00 | Research | Feudal Age |
| 11:41 | Create | Villager (Male) |
| 11:41 | Create | Villager (Male) |
| 11:43 | Create | Villager (Male) |
| 12:23 | Build | Dock |
| 12:58 | Build | Barracks |
| 13:09 | Age | Feudal Age |
| 13:15 | Create | Villager (Male) |
| 13:18 | Research | Double-Bit Axe |
| 13:31 | Research | Horse Collar |
| 13:34 | Research | Double-Bit Axe |
| 13:38 | Build | Farm |
| 13:47 | Create | Fire Galley |
| 13:49 | Create | Fishing Ship |
| 13:55 | Create | Fishing Ship |
| 14:00 | Research | Tech 906 |
| 14:02 | Build | Farm |
| 14:11 | Build | Blacksmith |
| 14:31 | Create | Villager (Male) |
| 14:32 | Create | Villager (Male) |
| 14:48 | Build | House |
| 15:08 | Create | Fire Galley |
| 15:23 | Create | Villager (Male) |
| 15:23 | Create | Villager (Male) |
| 15:37 | Build | Farm |
| 16:05 | Create | Fire Galley |
| 16:13 | Build | Farm |
| 16:23 | Build | House |
| 16:26 | Build | House |
| 16:44 | Build | House |
| 16:47 | Build | House |
| 16:48 | Build | House |
| 16:50 | Build | House |
| 16:51 | Build | House |
| 16:53 | Build | House |
| 16:57 | Build | House |
| 16:59 | Build | House |
| 17:12 | Build | Market |
| 17:21 | Build | Farm |
| 17:24 | Research | Wheelbarrow |
| 17:51 | Research | Castle Age |
| 17:56 | Build | Farm |
| 17:58 | Build | Farm |
| 17:59 | Build | Farm |
| 18:49 | Create | Transport Ship |
| 19:43 | Build | Barracks |
| 19:45 | Create | Militia |
| 19:45 | Create | Militia |
| 20:17 | Build | Barracks |
| 20:22 | Build | Farm |
| 20:37 | Build | House |
| 20:38 | Build | House |
| 20:58 | Age | Castle Age |
| 20:59 | Build | House |
| 21:09 | Create | Militia |
| 21:09 | Create | Militia |
| 21:10 | Create | Militia |
| 21:10 | Create | Militia |
| 21:10 | Create | Militia |
| 21:19 | Build | Palisade Wall |
| 21:30 | Create | Spearman ×5 |
| 21:42 | Research | Man-at-Arms (upgrade) |
| 21:44 | Research | Pikeman (upgrade) |
| 21:53 | Research | Scale Mail Armor |
| 22:12 | Create | Spearman |
| 22:13 | Create | Spearman |
| 22:13 | Create | Spearman |
| 22:13 | Create | Spearman |
| 22:13 | Create | Spearman |
| 22:19 | Build | Farm |
| 22:42 | Create | Spearman |
| 22:42 | Create | Spearman |
| 22:42 | Create | Spearman |
| 22:43 | Create | Spearman |
| 22:43 | Create | Spearman |
| 23:15 | Research | Forging |
| 23:57 | Build | Archery Range |
| 24:47 | Research | Fletching |
| 25:09 | Research | Elite Skirmisher (upgrade) |
| 25:09 | Create | Skirmisher ×5 |
| 26:04 | Research | Chain Mail Armor |
| 26:05 | Research | Bodkin Arrow |
| 26:16 | Build | Siege Workshop |
| 26:49 | Create | Villager (Male) |
| 26:50 | Create | Villager (Male) ×5 |
| 26:50 | Create | Villager (Male) ×5 |
| 27:04 | Create | Mangonel |
| 28:24 | Build | Town Center |
| 28:44 | Build | Mining Camp |
| 29:19 | Create | Villager (Male) ×5 |
| 29:20 | Create | Villager (Male) ×5 |
| 29:45 | Build | Mining Camp |
| 30:17 | Build | Farm |
| 30:17 | Build | Farm |
| 30:17 | Build | Farm |
| 30:46 | Build | Farm |
| 30:48 | Build | Farm |
| 30:57 | Build | Farm |
| 31:25 | Create | Villager (Male) |
| 31:34 | Research | Stone Mining |
| 32:00 | Create | Villager (Male) ×2 |
| 32:32 | Build | Farm |
| 32:33 | Create | Villager (Male) |
| 32:33 | Create | Villager (Male) |
| 32:45 | Create | Villager (Male) ×2 |
| 32:54 | Build | Farm |
Match timeline
| 5:36 | NeXt · first_building Dock |
| 8:14 | MoncusJBAJ · first_building Dock |
| 10:56 | Hardiel · age_up feudal |
| 11:01 | NeXt · first_building Barracks |
| 11:01 | Mittsui · age_up feudal |
| 11:05 | NeXt · age_up feudal |
| 11:43 | UmaDelicia · age_up feudal |
| 11:52 | Hardiel · first_market_buy 100 food |
| 12:09 | MoncusJBAJ · age_up feudal |
| 12:23 | NinjaNurse · first_building Dock |
| 12:58 | NinjaNurse · first_building Barracks |
| 12:59 | Mittsui · first_market_sell 100 food |
| 13:08 | UmaDelicia · first_market_buy 100 food |
| 13:09 | NinjaNurse · age_up feudal |
| 13:24 | Hardiel · first_market_sell 100 wood |
| 13:46 | MoncusJBAJ · first_building Barracks |
| 13:54 | NeXt · first_building Stable |
| 14:31 | Mittsui · first_building Dock |
| 14:52 | MoncusJBAJ · first_building Archery Range |
| 15:24 | UmaDelicia · first_building Dock |
| 15:56 | Mittsui · age_up castle |
| 16:09 | Hardiel · age_up castle |
| 16:48 | UmaDelicia · age_up castle |
| 17:01 | Hardiel · first_building Monastery |
| 17:42 | MoncusJBAJ · first_building Stable |
| 18:24 | Hardiel · first_building Dock |
| 18:42 | Mittsui · first_building Castle |
| 18:58 | Mittsui · wall_segment Palisade Wall x1 |
| 19:10 | MoncusJBAJ · age_up castle |
| 20:34 | NeXt · age_up castle |
| 20:58 | NinjaNurse · age_up castle |
| 21:14 | MoncusJBAJ · first_building Monastery |
| 21:19 | NinjaNurse · wall_segment Palisade Wall x1 |
| 21:44 | UmaDelicia · first_building Castle |
| 22:01 | Hardiel · first_building Castle |
| 22:14 | NeXt · first_building Siege Workshop |
| 22:52 | UmaDelicia · first_building Barracks |
| 23:57 | NinjaNurse · first_building Archery Range |
| 24:53 | Mittsui · first_building Monastery |
| 24:58 | NeXt · first_building Monastery |
| 24:59 | Mittsui · first_building Siege Workshop |
| 25:04 | UmaDelicia · first_market_sell 100 wood |
| 25:45 | UmaDelicia · first_building Siege Workshop |
| 25:59 | MoncusJBAJ · first_building Siege Workshop |
| 26:09 | NeXt · first_building Archery Range |
| 26:16 | NinjaNurse · first_building Siege Workshop |
| 26:24 | Hardiel · first_building Barracks |
| 26:48 | NeXt · first_building Castle |
| 28:02 | NinjaNurse · first_market_sell 100 wood |
| 28:06 | NinjaNurse · first_market_buy 100 wood |
| 29:58 | MoncusJBAJ · first_building Castle |
| 30:30 | MoncusJBAJ · age_up imperial |
| 33:44 | NinjaNurse · first_building Castle |
| 34:28 | MoncusJBAJ · first_market_buy 100 food |
| 36:48 | Mittsui · first_market_buy 100 food |
| 37:58 | UmaDelicia · age_up imperial |
| 38:29 | NeXt · wall_segment Stone Wall x8 |
| 38:34 | NeXt · wall_segment Stone Wall x20 |
| 39:05 | NeXt · first_market_buy 100 food |
| 39:20 | NeXt · first_market_sell 100 food |
| 40:24 | Mittsui · age_up imperial |
| 40:26 | MoncusJBAJ · wall_segment Stone Wall x2 |
| 40:32 | MoncusJBAJ · wall_segment Stone Wall x8 |
| 40:47 | MoncusJBAJ · wall_segment Stone Wall x20 |
| 41:14 | MoncusJBAJ · resign |
[ AI ANALYSIS · 1 CREDIT ]
What really happened in this match?
Wolo.gg analyzes every decision: build order, eco, micro, common mistakes by bracket. Personalized analysis on WhatsApp or Discord in 30 seconds.
Civ guide
Tupi
Map guide
Team Islands
Perfil
Hardiel